 Dungeon Crawl Stone Soup version 0.29.1-15-g9cfb28693d (webtiles) character file.

Game seed: 17536633660945397106

200 javelincjr the Magician (level 6, -7/40 HPs)
             Began as a Djinni Conjurer on Mar 17, 2023.
             Was a Follower of Makhleb.
             Mangled by Terence
             ... wielding a +0 flail
              (12 damage)
             ... on level 3 of the Dungeon.
             The game lasted 00:04:28 (2892 turns).

javelincjr the Magician (Djinni Conjurer)           Turns: 2892, Time: 00:04:28

Health: -7/40      AC:  3    Str:  8    XL:     6   Next: 7%
Gold:   77         EV: 13    Int: 19    God:    Makhleb [*.....] SH:  0 Dex: 12

rFire   + + .      SeeInvis .   m - +3 quarterstaff (chaos)
rCold   x . .      Faith    .   (shield currently unavailable)
rNeg    . . .      Spirit   .   a - +0 robe
rPois   ∞          Reflect  .   (no helmet)
rElec   .          Harm     .   n - +0 cloak
rCorr   .          Rampage  .   (no gloves)
Will    .....                   (boots unavailable)
Stlth   ++........              (no amulet)
HPRegen 0.13/turn               (no ring)
MPRegen 0.00/turn               (no ring)

@: flying
A: sickness immunity, fire resistance 2, cold vulnerability 1, float, innate
caster, HP casting, extra vitality 1
a: Renounce Religion


You were on level 3 of the Dungeon.
You worshipped Makhleb.
Makhleb was aware of your devotion.
You visited 1 branch of the dungeon, and saw 3 of its levels.

You collected 77 gold pieces.

Inventory:

Hand Weapons
 m - a +3 quarterstaff of chaos (weapon)
Armour
 a - a +0 robe (worn)
 n - a +0 cloak (worn)
Wands
 k - a wand of digging (5)
Scrolls
 d - a scroll of enchant weapon {unknown}
 h - 3 scrolls of teleportation {unknown}
 i - a scroll of fog {unknown}
 j - 2 scrolls of identify {unknown}
Potions
 b - a potion of cancellation {unknown}
 c - a potion of brilliance {unknown}
 e - 2 potions of curing {unknown}
 f - a potion of heal wounds {unknown}
 g - 3 potions of resistance {unknown}
 l - a potion of lignification {unknown}


   Skills:
 * Level 0.0 Fighting
 + Level 0.0 Staves
 + Level 0.0 Armour
 + Level 4.0 Dodging
 + Level 3.2 Stealth
 * Level 4.1 Spellcasting
 + Level 0.0 Invocations


You couldn't memorise any spells.
You knew the following spells:

 Your Spells              Type           Power      Damage    Failure   Level
a - Magic Dart            Conj           76%        1d6       2%          1
b - Searing Ray           Conj           38%        2d5       3%          2
c - Dazzling Flash        Conj/Hex       38%        N/A       8%          3
d - Fulminant Prism       Conj/Hex       9%         3d7       26%         4
e - Iskenderun's Mystic   Conj/Tloc      19%        2d6       26%         4
f - Sandblast             Erth           38%        2d10      2%          1
g - Poisonous Vapours     Pois/Air       38%        N/A       3%          2
Your spell library was empty.

Dungeon Overview and Level Annotations

Branches:
Dungeon (3/15)

Altars:
Makhleb

Annotations:
D:3 Terence


Innate Abilities, Weirdness & Mutations

You are immune to sickness and miasma.
You are immune to poison.
Your flesh is very heat resistant. (rF++)
You are vulnerable to cold. (rC-)
You float through the air rather than walking.
You learn spells naturally, not from books.
Your magical power is your life essence.
You have superior vitality. (+4 MHP)


Message History

You fly downwards.
There is a stone staircase leading up here.
j - 2 scrolls labelled QEB VOPHEGOGH (gained 1) Terence the Incautious comes into view.
He is wielding a +0 flail.
The magic dart hits Terence but does no damage.
Terence shouts!
Casting: Magic Dart (safe; 2% risk of failure)
Confirm with . or Enter, or press ? or * to list all spells.
Aiming: Searing Ray (safe; 3% risk of failure)
Press: ? - help, Shift-Dir - straight line, f/p - Terence
Aim: Terence, wielding a +0 flail and wearing a +0 chain mail (84% to hit)
The searing ray hits Terence.
Terence is lightly wounded. (Press . to maintain the ray.) Terence hits you with a +0 flail.
The searing ray misses Terence.
Terence hits you with a +0 flail.
The searing ray hits Terence.
Terence is lightly wounded.
Terence completely misses you.
The searing ray hits Terence.
Terence is moderately wounded.
You finish channelling your searing ray.
Terence hits you with a +0 flail.
Casting: Searing Ray (safe; 3% risk of failure)
Confirm with . or Enter, or press ? or * to list all spells.
Aiming: Searing Ray (safe; 3% risk of failure)
Press: ? - help, Shift-Dir - straight line, f/p - Terence
Aim: Terence, wielding a +0 flail and wearing a +0 chain mail (moderately wounded, 84% to hit)
The searing ray hits Terence.
Terence is moderately wounded. (Press . to maintain the ray.) Terence misses you.
The searing ray misses Terence.
Terence hits you with a +0 flail!
* * * LOW HITPOINT WARNING * * *
The searing ray hits Terence!
Terence is severely wounded.
* * * LOW HITPOINT WARNING * * *
Terence closely misses you. Terence attacks as you move away!
Terence hits you with a +0 flail!
You die...

##### #...# #...#
####...####
##.........########
######..................
.......@........#######.
#####.@###...#########.#
#.. #...# #......## #..
#...# #.#####.# ...
##### ##. ##.. #. #.. #.
#.. #. #.


You could see Terence.

Vanquished Creatures
  Crazy Yiuf (D:2)
  Jessica (D:2)
  Natasha (D:2)
  4 gnolls (D:2)
  4 adders (D:2)
  2 dart slugs (D:2)
  5 ball pythons
  4 endoplasms
  8 goblins
  7 hobgoblins
  6 bats
  4 frilled lizards
  3 kobolds
  A rat (D:1)
51 creatures vanquished.

Notes
Turn   | Place    | Note
-------+----------+-------------------------------------------
     0 | D:1      | javelincjr the Djinni Conjurer began the quest for the Orb.
     0 | D:1      | javelincjr set off with the following spells memorised:
                  | Magic Dart, Searing Ray, Dazzling Flash, Fulminant Prism,
                  | Iskenderun's Mystic Blast.
     0 | D:1      | Reached XP level 1. HP: 15/15 MP: 0/0
   131 | D:1      | Reached XP level 2. HP: 17/21 MP: 0/0
   649 | D:1      | Reached XP level 3. HP: 17/25 MP: 0/0
   649 | D:1      | Learned a level 1 spell: Sandblast
  1285 | D:2      | Found a faded altar of an unknown god.
  1292 | D:2      | Reached XP level 4. HP: 28/31 MP: 0/0
  1292 | D:2      | Prayed at the altar of an unknown god.
  1292 | D:2      | Became a worshipper of Makhleb the Destroyer
  1292 | D:2      | Reached * piety under Makhleb
  1840 | D:2      | Reached XP level 5. HP: 11/35 MP: 0/0
  1840 | D:2      | Learned a level 2 spell: Poisonous Vapours
  2088 | D:2      | Noticed Jessica
  2093 | D:2      | Killed Jessica
  2304 | D:2      | Noticed Natasha
  2310 | D:2      | Killed Natasha
  2593 | D:2      | Found a runed translucent door.
  2594 | D:2      | Noticed Crazy Yiuf
  2601 | D:2      | Killed Crazy Yiuf
  2602 | D:2      | Reached XP level 6. HP: 34/40 MP: 0/0
  2883 | D:3      | Noticed Terence
  2892 | D:3      | Mangled by Terence

Illustrated notes

Levels and vault maps discovered:
D:1:      dpeg_arrival_tiny_b, layout_rooms
D:2:      layout_basic, hellmonk_ecumenical_altar_heavens_door, nicolae_titane,
          uniq_crazy_yiuf_cottage, uniq_natasha, uniq_jessica
D:3:      layout_loops_ring, serial_shops, shop, palyth_stone_intersect,
          kennysheep_nub, uniq_terence

Skill      XL: |  1  2  3  4  5 |
---------------+----------------+-----
Stealth        | 2 3 |  3.2
Dodging        | 3 4 |  4.0
Spellcasting   | 4 |  4.1

Action                   |  1- 3 |  4- 6 || total
-------------------------+-------+-------++-------
 Cast: Magic Dart        |    63 |    40 ||   103
       Searing Ray       |     1 |     8 ||     9
Armor: Robe              |     2 |       ||     2
Dodge: Dodged            |     1 |     6 ||     7
